Match 41807510
Unlisted

Match 41807510
End
Selects Australian Defense Battlegroup
Selects Australian Light Infantry Section
Australian Light Infantry Section
Vickers Machine Gun Team
Construct Section Command Post
Dingo Light Scout Car
Vickers Machine Gun Team
Construct Platoon Command Post
Humber Armored Car
Construct Field Infirmary
Selects CMP 15cwt Supply Run
Selects Reinforced Resource Caches
CMP 15cwt Supply Run
Unlock Bishop Self-propelled Artillery
Bishop Self-propelled Artillery
6-pounder Anti-tank Gun Team
CMP 15cwt Supply Run
Construct Company Command Post
Foot Guards Section
Crusader II Medium Tank
RunningWithFate
Onoyk
カルト_くん
Potatohalbe
0
0

Comments sign in to comment!

No comments posted yet!